 Dungeon Crawl Stone Soup version 0.31-a0-977-gc230f8ef24 (webtiles) character file.

Game seed: 12513983295982177874

221 tsujin the Caller (level 5, 0/44 HPs)
             Began as a Hill Orc Summoner on Oct 29, 2023.
             Succumbed to a scorpion's poison
             ... in an ossuary.
             The game lasted 00:10:53 (4106 turns).

tsujin the Caller (Hill Orc Summoner)               Turns: 4106, Time: 00:10:54

Health: 0/44       AC:  4    Str: 13    XL:     5   Next: 98%
Magic:  4/8        EV: 12    Int: 15    God:
Gold:   183        SH:  0    Dex: 17    Spells: 6/9 levels left

rFire   . . .        i - +1 flail
rCold   . . .        (no shield)
rNeg    . . .        a - +1 robe
rPois   .            e - +0 helmet
rElec   .            (no cloak)
rCorr   .            (no gloves)
SInv    .            (no boots)
Will    .....        (no amulet)
Stlth   ++           c - +6 ring of dexterity
HPRegen 0.27/turn    (no ring)
MPRegen 0.11/turn

%: no passive effects
@: lethally poisoned (0 -> -11), very slightly contaminated, hasted, very quick
A: no striking features
a: no special abilities


You were in an ossuary.
You visited 1 branch of the dungeon, and saw 4 of its levels.
You also visited: Ossuary.

You collected 183 gold pieces.

Inventory:

Hand Weapons
 i - a +1 flail (weapon)
Armour
 a - a +1 robe (worn)
 e - a +0 helmet (worn)
Jewellery
 c - a +6 ring of dexterity (left hand)
 g - an amulet of faith
Potions
 b - a potion of attraction {unknown}
 h - a potion of enlightenment


   Skills:
 + Level 2.9 Fighting
 * Level 1.9 Maces & Flails
 - Level 1.5 Dodging
 - Level 1.5 Stealth
 + Level 2.5 Spellcasting
 + Level 5.4 Summonings


You had 6 spell levels left.
You knew the following spells:

 Your Spells              Type           Power      Damage    Failure   Level
a - Summon Small Mammal   Summ           72%        N/A       2%          1
b - Call Imp              Summ           36%        N/A       3%          2

Your spell library contained the following spells:

 Spells                   Type           Power      Damage    Failure   Level
 Call Canine Familiar     Summ           18%        N/A       7%          3
 Summon Guardian Golem    Hex/Summ       10%        N/A       21%         3
 Necrotise                Necr           4%         1d4       22%         1
 Ensorcelled Hibernation  Hex/Ice        2%         N/A       32%         2
 Passwall                 Tmut/Erth      0%         N/A       32%         2
 Swiftness                Air            1%         N/A       54%         3
 Vampiric Draining        Necr           1%         2d6       54%         3
 Summon Lightning Spire   Summ/Air       10%        N/A       56%         4
 Agony                    Necr           1%         N/A       99%         5


Dungeon Overview and Level Annotations

Branches:
Dungeon (4/15)            Ossuary (1/1)
 Temple: D:4-7

Altars:

Shops:
D:1 [   D:2 (   D:3 (


Message History

The scorpion poisons you!
The hobgoblin zombie hits you but does no damage.
Your cerulean imp hits the hobgoblin zombie but does no damage.
You take 8 damage, and have 13/44 hp.
You now have 3/8 mp.
Casting: Summon Small Mammal (safe; 2% risk of failure)
Confirm with . or Enter, or press ? or * to list all spells.
You don't know that spell.
Unknown command.
You feel yourself speed up.
* * * LOW HITPOINT WARNING * * *
You feel very sick. The scorpion zombie barely misses you.
The scorpion closely misses you. The hobgoblin zombie barely misses you.
Your cerulean imp barely misses the hobgoblin zombie.
You take 3 damage, and have 10/44 hp.
* * * LOW HITPOINT WARNING * * *
You feel sick. The scorpion attacks as it pursues you!
The scorpion closely misses you.
The scorpion zombie attacks as it pursues you!
The scorpion zombie completely misses you.
You take 2 damage, and have 8/44 hp.
You feel sick.
Your cerulean imp hits the hobgoblin zombie with a -3 spear.
The hobgoblin zombie is destroyed!
You take 1 damage, and have 7/44 hp.
You feel sick. The scorpion stings you.
* * * LOW HITPOINT WARNING * * *
You are more poisoned.
The scorpion poisons you!
You take 3 damage, and have 4/44 hp.
You barely miss the scorpion zombie.
The scorpion zombie is almost destroyed.
* * * LOW HITPOINT WARNING * * *
You feel sick.
The scorpion zombie hits you but does no damage.
The scorpion closely misses you.
You take 1 damage, and have 3/44 hp.
You completely miss the scorpion zombie.
The scorpion zombie is almost destroyed.
You die...

#..Z#Z.. #...8...
#.Z.....
##8...8##############
.......#@..#...#...#
.8...#Zs.8...'.∩.#
#...#...5...#...#
######'###8...8###'##
#.!!#...#.......#...#
+..M#...'...8...#.∩.#
#.!.#...#...#...#...#
#####################


You could see a scorpion (ally target), a scorpion zombie and a friendly
cerulean imp (summoned).

Vanquished Creatures
  An orc wizard (D:4)
  A mummy (D:4)
  3 adders (D:3)
  4 orcs (D:4)
  An endoplasm (D:4)
  A goblin (D:1)
  A hobgoblin (D:4)
  2 ball pythons (D:3)
  3 frilled lizards
  A hobgoblin zombie (D:4)
  A kobold zombie (D:4)
  A rat (D:3)
  A spectral kobold (D:1)
21 creatures vanquished.

Vanquished Creatures (collateral kills)
  Robin (D:2)
  3 gnolls (D:2)
  5 adders
  A dart slug (D:1)
  3 ball pythons (D:2)
  3 bats (D:1)
  7 endoplasms
  3 giant cockroaches (D:1)
  8 goblins (D:2)
  3 hobgoblins
  2 frilled lizards
  3 goblin zombies (Ossuary)
  A hobgoblin zombie (Ossuary)
  5 kobolds
  4 rats
52 creatures vanquished.

Grand Total: 73 creatures vanquished

Notes
Turn   | Place    | Note
-------+----------+-------------------------------------------
     0 | D:1      | tsujin the Hill Orc Summoner began the quest for the Orb.
     0 | D:1      | Reached XP level 1. HP: 14/14 MP: 3/3
   171 | D:1      | Found Ysuontas's Antique Armour Boutique.
   189 | D:1      | Reached XP level 2. HP: 16/22 MP: 1/4
   248 | D:1      | Learned a level 2 spell: Call Imp
   480 | D:1      | Reached skill level 1 in Fighting
  1162 | D:1      | Found a faded altar of an unknown god.
  1299 | D:1      | Reached XP level 3. HP: 28/28 MP: 1/5
  1504 | D:2      | Noticed Robin
  1592 | D:2      | Killed Robin
  1739 | D:2      | Reached XP level 4. HP: 36/36 MP: 3/7
  1797 | D:2      | Reached skill level 5 in Summonings
  2550 | D:2      | Found Remiter's Weapon Shoppe.
  2766 | D:3      | Reached XP level 5. HP: 38/42 MP: 5/8
  2791 | D:3      | Found Keovoq's Weapon Shop.
  3254 | D:3      | Reached skill level 1 in Maces & Flails
  3902 | D:4      | Found a sand-covered staircase.
  3911 | Ossuary  | Entered an ossuary
  4106 | Ossuary  | Succumbed to a scorpion's poison

Illustrated notes

Levels and vault maps discovered:
D:1:      dpeg_arrival_connections, layout_loops_ring, serial_shops, shop,
          dreamdust_ecumenical_altar_drowned_temple
D:2:      layout_basic, serial_shops, nicolae_shop_just_a_little_nook,
          uniq_robin
D:3:      layout_basic, serial_shops, nicolae_shop_stone
D:4:      layout_loops_ring, nicolae_ossuary_entry_giza
Ossuary:  ossuary_minmay_scorpions

Skill      XL: |  1  2  3  4  5 |
---------------+----------------+-----
Fighting       | 1 2 |  2.9
Spellcasting   | 2 |  2.5
Summonings     | 5 |  5.4
Maces & Flails | 1 |  1.9
Dodging        | |  1.5
Stealth        | |  1.5

Action                     |  1- 3 |  4- 6 || total
---------------------------+-------+-------++-------
  Melee: Unarmed           |    17 |    14 ||    31
         Flail             |       |    80 ||    80
         Punch             |       |     1 ||     1
   Cast: Summon Small Mamm |    22 |    10 ||    32
         Call Imp          |    25 |    29 ||    54
    Use: Scroll            |     3 |    10 ||    13
         Potion            |     1 |     4 ||     5
   Stab: Distracted        |       |     1 ||     1
         Sleeping          |       |     1 ||     1
 Armour: Robe              |    30 |    89 ||   119
  Dodge: Dodged            |    35 |    83 ||   118

Table legend: (Time is in decaauts)
 A = Elapsed time spent in this place.
 B = Non-inter-level travel time spent in this place.
 C = Inter-level travel time spent in this place.
 D = Time resting spent in this place.
 E = Time spent auto-exploring this place.
 F = Levels seen in this place.
 G = Mean time per level.
                   A        B        C        D        E       F      G
               +--------+--------+--------+--------+--------+-----+--------+
         Total |   4117 |   3977 |    140 |    298 |   2617 |   5 |  823.4 |
       Dungeon |   3920 |   3780 |    140 |    233 |   2563 |   4 |  980.0 |
       Ossuary |    197 |    197 |      0 |     65 |     54 |   1 |  197.0 |
               +--------+--------+--------+--------+--------+-----+--------+

Top non-repeatable levels by time:
     D:1: 1418 daAuts
     D:2: 1296 daAuts
     D:3: 863 daAuts
     D:4: 341 daAuts
 Ossuary: 197 daAuts
